 Dungeon Crawl Stone Soup version 0.23.1 (webtiles) character file.

Game seed: 0

7567 Chiseanne the Covert (level 11, -6/81 HPs)
             Began as an Octopode Monk on Mar 2, 2019.
             Was an Initiate of Gozag.
             Mangled by a spiny frog (18 damage)
             ... on level 1 of the Lair of Beasts.
             The game lasted 00:32:41 (12515 turns).

Chiseanne the Covert (Octopode Monk)               Turns: 12515, Time: 00:32:41

Health: -6/81      AC:  8    Str: 11    XL:     11   Next: 17%
Magic:  11/11      EV: 21    Int: 12    God:    Gozag
Gold:   690        SH:  0    Dex: 18    Spells: 10/10 levels left

rFire    . . .     SeeInvis .   a - +2 quarterstaff (protect)
rCold    . . .     Gourm    .   (shield currently unavailable)
rNeg     . . .     Faith    .   (helmet restricted)
rPois    +         Spirit   .   (no amulet)
rElec    .         Reflect  .   n - ring of poison resistance
rCorr    +         Harm     .   q - ring of stealth
MR       .....                  D - ring of resist corrosion
Stlth    ++++++++..             (no ring)
HPRegen  0.23/turn              (no ring)
MPRegen  0.12/turn              (no ring)
                                (no ring)
                                (no ring)

@: protection aura, studying Throwing
A: almost no armour, stealthy swim, amphibious, 8 rings, constrict 8, camouflage
1, gelatinous body 1
a: Potion Petition, Call Merchant, Bribe Branch, Renounce Religion


You were on level 1 of the Lair of Beasts.
You worshipped Gozag.
Gozag was pleased with you.
You were very hungry.

You visited 3 branches of the dungeon, and saw 12 of its levels.

You collected 1550 gold pieces.
You spent 389 gold pieces at shops.
You paid 471 gold pieces to Gozag.

Inventory:

Hand Weapons
 a - a +2 quarterstaff of protection (weapon)
 p - a +1 mace of holy wrath
 s - a +2 dagger of speed
 w - a +1 hunting sling
 x - a +2 flail of protection
Missiles
 c - 133 sling bullets
 d - 3 tomahawks
 h - 322 stones (quivered)
 i - 149 arrows
 l - 109 bolts
 r - 3 silver tomahawks
 G - 42 poisoned needles
Armour
 g - a +1 shield
Magical Staves
 B - an uncursed staff of air
Jewellery
 n - a ring of poison resistance (left tentacle)
 q - a ring of stealth (right tentacle)
 D - a ring of resist corrosion (on tentacle)
 H - an uncursed ring of ice
Wands
 m - a wand of flame (3)
 v - a wand of acid (3)
 J - a wand of polymorph (8)
Scrolls
 k - 6 scrolls of magic mapping
 o - 2 scrolls of remove curse
 y - a scroll of fog
 z - 2 scrolls of teleportation
 E - a scroll of amnesia
 F - 2 scrolls of identify
Potions
 e - 4 potions of flight
 f - 2 potions of curing
 t - 3 potions of brilliance
 u - a potion of heal wounds
 A - a potion of might
 I - a potion of lignification
Books
 j - a manual of Throwing
Comestibles
 b - 10 rations


   Skills:
 * Level 10.2 Fighting
   Level 3.0 Axes
 * Level 10.3 Dodging
 * Level 13.5 Stealth


You had 10 spell levels left.
You didn't know any spells.
Your spell library contained the following spells:

 Spells                   Type           Power        Failure   Level  Hunger
 Sandblast                Erth           #.....       32%         1    ##.....


Dungeon Overview and Level Annotations

Branches:
Dungeon (10/15)            Temple (1/1) D:5            Lair (1/6) D:8
    Orc: D:9-12

Altars:
Dithmenos
Elyvilon
Fedhas
Gozag
Makhleb
Sif Muna
Uskayaw
Xom
Yredelemnul
Zin

Shops:
D:7 }%   D:8 ?

Annotations:
D:10 exclusion: door, Gastronok


Innate Abilities, Weirdness & Mutations

You cannot wear most types of armour.
You are very stealthy in the water. (Stealth+)
You are amphibious.
You can wear up to eight rings at the same time.
You can use your tentacles to constrict eight enemies at once.
Your skin changes colour to match your surroundings (Stealth+).
Your rubbery body absorbs attacks. (AC +1, EV +1)


Message History

You hit the spiny frog.
The spiny frog is moderately wounded.
You constrict the spiny frog, but do no damage.
The spiny frog completely misses you.
You hit the spiny frog but do no damage.
The spiny frog is moderately wounded.
You constrict the spiny frog. The spiny frog stings you!!
The spiny frog closely misses you.
You hit the spiny frog but do no damage.
The spiny frog is heavily wounded.
You constrict the spiny frog, but do no damage.
The spiny frog stings you.
* * * LOW HITPOINT WARNING * * *
You sock the spiny frog!
The spiny frog is severely wounded.
You constrict the spiny frog. The spiny frog stings you!
* * * LOW HITPOINT WARNING * * *
The spiny frog stings you!!
You die...
Your body crumbles into a pile of gold.

#........#.......#
#....[#..........# ##
.................# ..#
...............### ...#
###.....#......## #...
##............## ...
##...#........####.#
####.#............###..
#####..@F.......t.D#
##...####...##..#
###....# ##...#
#.....## ...# #.#..##
...# #...## #P## ##PP#
## ####


You could see a spiny frog.

Vanquished Creatures
  A spiny frog (Lair:1)
  A komodo dragon (D:8)
  A troll (shapeshifter) (D:9)
  8 yaks
  A steam dragon (D:5)
  4 hogs (D:8)
  Grum (D:8)
  A human (D:8)
  2 water moccasins
  An orc warrior (D:9)
  A black bear (D:6)
  An ice beast (D:7)
  A phantom (D:6)
  4 wolves (D:8)
  5 ogres
  2 centaurs
  A crocodile (D:8)
  2 big kobolds
  A bullfrog (D:10)
  A water moccasin zombie (D:6)
  A wyvern skeleton (D:8)
  3 scorpions
  26 killer bees
  3 wights
  4 crimson imps
  2 quasits
  6 orc priests
  3 hounds
  3 jellies
  Jessica (D:2)
  2 iguanas (D:10)
  2 worker ants
  14 orc wizards
  A hound skeleton (D:5)
  Robin (D:2)
  3 gnolls (D:4)
  2 howler monkey skeletons
  8 adders
  7 shadow imps
  2 worms
  A dart slug (D:1)
  5 leopard geckos
  37 orcs
  2 ball pythons
  8 giant cockroaches
  14 goblins
  10 hobgoblins
  14 jackals
  A quokka (D:6)
  7 bats
  A frilled lizard (D:2)
  A jackal skeleton (D:6)
  A jackal zombie (D:9)
  17 kobolds
  12 rats
  2 butterflies
  A plant (D:8)
268 creatures vanquished.

Notes
Turn   | Place    | Note
-------+----------+-------------------------------------------
     0 | D:1      | Chiseanne the Octopode Monk began the quest for the Orb.
     0 | D:1      | Reached XP level 1. HP: 16/16 MP: 1/1
   119 | D:1      | Reached skill level 3 in Stealth
   215 | D:1      | Reached XP level 2. HP: 21/21 MP: 2/2
   830 | D:1      | Reached XP level 3. HP: 25/26 MP: 3/3
  1228 | D:2      | Noticed Robin
  1491 | D:2      | Noticed Jessica
  1503 | D:2      | Killed Jessica
  1503 | D:2      | Reached skill level 4 in Stealth
  1503 | D:2      | Reached XP level 4. HP: 27/33 MP: 4/4
  1667 | D:2      | Killed Robin
  2065 | D:2      | Reached XP level 5. HP: 37/37 MP: 5/5
  2113 | D:3      | Found a deep blue altar of Sif Muna.
  2157 | D:3      | Reached skill level 5 in Stealth
  2228 | D:3      | Reached XP level 6. HP: 44/44 MP: 6/6
  2230 | D:3      | Identified Sif Muna's Tome of the Mountains
  2320 | D:3      | Found a glowing silver altar of Zin.
  2320 | D:3      | Found a blossoming altar of Fedhas.
  2321 | D:3      | Found a hide-covered altar of Uskayaw.
  2819 | D:4      | Reached skill level 6 in Stealth
  2819 | D:4      | Reached skill level 5 in Dodging
  2820 | D:4      | Reached skill level 5 in Fighting
  2935 | D:4      | Reached XP level 7. HP: 35/50 MP: 7/7
  3262 | D:4      | Found a white marble altar of Elyvilon.
  3508 | D:5      | Entered Level 5 of the Dungeon
  3517 | D:5      | Reached skill level 7 in Stealth
  3564 | D:5      | Found a staircase to the Ecumenical Temple.
  3566 | D:5      | Noticed a steam dragon
  3580 | Temple   | Entered the Ecumenical Temple
  3593 | Temple   | Became a worshipper of Gozag Ym Sagoz the Greedy
  4066 | D:5      | Killed a steam dragon
  4381 | D:5      | Reached XP level 8. HP: 57/57 MP: 8/8
  4847 | D:5      | Reached skill level 8 in Stealth
  5846 | D:7      | Reached skill level 9 in Stealth
  6031 | D:7      | Reached XP level 9. HP: 20/64 MP: 9/9
  6347 | D:7      | Found Dibbo's Gadget Boutique.
  6931 | D:8      | Reached skill level 10 in Stealth
  7120 | D:8      | Found a staircase to the Lair.
  7127 | D:8      | Found Gatoug's Magic Scroll Shop.
  7135 | D:8      | Bought 2 scrolls of magic mapping for 91 gold pieces
  7135 | D:8      | Bought a scroll of random uselessness for 13 gold pieces
  7135 | D:8      | Bought a scroll of blinking for 97 gold pieces
  7135 | D:8      | Bought a scroll of remove curse for 39 gold pieces
  7135 | D:8      | Bought a scroll of amnesia for 45 gold pieces
  7173 | D:8      | Bought a scroll of identify for 26 gold pieces
  7173 | D:8      | Bought a scroll of identify for 26 gold pieces
  7173 | D:8      | Bought a scroll of identify for 26 gold pieces
  7173 | D:8      | Bought a scroll of identify for 26 gold pieces
  7255 | D:8      | Noticed Grum
  7272 | D:8      | Killed Grum
  7278 | D:8      | Reached skill level 11 in Stealth
  7673 | D:8      | Reached XP level 10. HP: 52/73 MP: 10/10
  8025 | D:8      | Found a burning altar of Makhleb.
  8160 | D:8      | Found a basalt altar of Yredelemnul.
  8473 | D:8      | Reached skill level 12 in Stealth
  9550 | D:10     | Entered Level 10 of the Dungeon
 10348 | D:9      | Reached skill level 13 in Stealth
 10691 | D:9      | You fall through a shaft!
 10736 | D:10     | Noticed Gastronok
 11228 | D:10     | Noticed a cyclops
 11304 | D:10     | Reached skill level 10 in Dodging
 11546 | D:10     | Reached XP level 11. HP: 79/81 MP: 11/11
 11625 | D:10     | Noticed a cyclops
 11675 | Lair:1   | Entered Level 1 of the Lair of Beasts
 11703 | D:8      | HP: 4/81 [komodo dragon (28)]
 11713 | D:8      | Reached skill level 10 in Fighting
 12503 | Lair:1   | Noticed a four-headed hydra
 12515 | Lair:1   | Mangled by a spiny frog

Skill      XL: |  1  2  3  4  5  6  7  8  9 10 11 |
---------------+----------------------------------+-----
Stealth        | 3 4 5 6 7 9 11 13 | 13.5
Dodging        | 4 5 7 8 10 | 10.3
Fighting       | 4 5 7 8 9 10 | 10.2
Axes           | |  3.0

Action                   |  1- 3 |  4- 6 |  7- 9 | 10-12 || total
-------------------------+-------+-------+-------+-------++-------
Melee: Hand axe          |    81 |       |       |       ||    81
       Constrict         |    27 |    19 |    63 |    43 ||   152
       Tentacles         |     5 |    14 |    58 |    61 ||   138
       Hunting sling     |     2 |       |       |       ||     2
       Quarterstaff      |       |    77 |   302 |   263 ||   642
 Fire: Hunting sling     |    11 |    32 |    25 |    19 ||    87
Invok: Call Merchant     |       |       |     1 |       ||     1
Evoke: Wand              |       |     3 |     8 |    15 ||    26
  Use: Scroll            |     5 |     3 |    12 |     2 ||    22
       Potion            |     1 |       |     2 |     3 ||     6
 Stab: Sleeping          |     7 |    13 |    19 |    12 ||    51
       Distracted        |       |       |     3 |       ||     3
       Paralysed         |       |       |       |     7 ||     7
  Eat: Chunk             |     1 |     5 |     3 |       ||     9
       Ration            |       |       |     4 |     4 ||     8
Armor: Skin              |     7 |    20 |    95 |   105 ||   227
Dodge: Dodged            |    68 |   109 |   350 |   330 ||   857
